TOP OF THE 1ST |
Jacksonville Suns batting - Pitching for San Antonio Missions : LHP Luis Sanchez
|
Pitching: LHP Luis Sanchez
|
|
Batting: RHB Akira Suzuki
|
0-0: Ball 1-0: Called Strike 1-1: Swinging Strike 1-2: Ground out 4-3 (Groundball, 4M, EV 103.8 MPH)
|
Batting: RHB Boof Howell
|
0-0: Called Strike 0-1: Ball 1-1: Swinging Strike 1-2: Strikes out swinging
|
Batting: RHB Miguel Velasco
|
0-0: Foul Ball, location: 2F 0-1: Ball 1-1: Swinging Strike 1-2: Strikes out swinging
|
Top of the 1st over - 0 runs, 0 hits, 0 errors, 0 left on base; Jacksonville 0 - San Antonio 0 |
BOTTOM OF THE 1ST |
San Antonio Missions batting - Pitching for Jacksonville Suns : RHP Pat Siebert
|
Pitching: RHP Pat Siebert
|
|
Batting: RHB Dave McBain
|
0-0: Called Strike 0-1: Ball 1-1: Swinging Strike 1-2: Foul Ball, location: 2F 1-2: Ground out 4-3 (Groundball, 4MD, EV 105.6 MPH)
|
Batting: RHB Freddie Brown
|
0-0: Ball 1-0: Foul Ball, location: 2F 1-1: Ball 2-1: Ground out U3 (Groundball, 3S, EV 80.6 MPH)
|
Batting: RHB Mike Maserang
|
0-0: Swinging Strike 0-1: Ball 1-1: Called Strike 1-2: Ball 2-2: Ground out 3-1 (Groundball, 34, EV 102.5 MPH)
|
Bottom of the 1st over - 0 runs, 0 hits, 0 errors, 0 left on base; Jacksonville 0 - San Antonio 0 |
TOP OF THE 2ND |
Jacksonville Suns batting - Pitching for San Antonio Missions : LHP Luis Sanchez
|
Batting: RHB Orlando Landa
|
0-0: Fly out, F9 (Flyball, 9S, EV 81.9 MPH)
|
Batting: RHB Tom Thompson
|
0-0: Called Strike 0-1: Foul Ball, location: 2F 0-2: Ball 1-2: Ground out 6-3 (Groundball, 56, EV 85.6 MPH)
|
Batting: LHB Dong-u Chang
|
0-0: Ball 1-0: Called Strike 1-1: Foul Ball, location: 2F 1-2: Strikes out swinging
|
Top of the 2nd over - 0 runs, 0 hits, 0 errors, 0 left on base; Jacksonville 0 - San Antonio 0 |
BOTTOM OF THE 2ND |
San Antonio Missions batting - Pitching for Jacksonville Suns : RHP Pat Siebert
|
Batting: LHB Matt Patnaude
|
0-0: Foul Ball, location: 2F 0-1: Ball 1-1: Swinging Strike 1-2: Strikes out swinging
|
Batting: RHB John Freeman
|
0-0: Ball 1-0: Ball 2-0: SINGLE (Line Drive, 78M, EV 91.9 MPH)
|
Batting: RHB Cesar Ortega
|
0-0: Ball 1-0: Foul Ball, location: 2F 1-1: Ball 2-1: Fly out, F7 (Flyball, 7, EV 90.6 MPH)
|
Batting: RHB Jaden Scott
|
0-0: Ball 1-0: Called Strike 1-1: Hit by Pitch John Freeman to second
|
Batting: LHB Josh Slusarczyk
|
0-0: Called Strike 0-1: Foul Ball, location: 2F 0-2: Ball 1-2: Ball 2-2: Foul Ball, location: 2F 2-2: Strikes out swinging
|
Bottom of the 2nd over - 0 runs, 1 hit, 0 errors, 2 left on base; Jacksonville 0 - San Antonio 0 |
TOP OF THE 3RD |
Jacksonville Suns batting - Pitching for San Antonio Missions : LHP Luis Sanchez
|
Batting: RHB Len Graham
|
0-0: Ball 1-0: Called Strike 1-1: Ball 2-1: Called Strike 2-2: Fly out, F4 (Popup, 4S, EV 75.0 MPH)
|
Batting: LHB Orlando Rivera
|
0-0: Ball 1-0: Ball 2-0: Ball 3-0: Base on Balls
|
Batting: RHB Alberto Bravo
|
0-0: Called Strike 0-1: Ball 1-1: Foul Ball, location: 2F 1-2: Grounds into double play, 1-4-3 (Groundball, 25, EV 70.0 MPH)
|
Top of the 3rd over - 0 runs, 0 hits, 0 errors, 0 left on base; Jacksonville 0 - San Antonio 0 |
BOTTOM OF THE 3RD |
San Antonio Missions batting - Pitching for Jacksonville Suns : RHP Pat Siebert
|
Batting: RHB Roberto Monzon
|
0-0: Ball 1-0: Foul Ball, location: 2F 1-1: Foul Ball, location: 2F 1-2: Foul Ball, location: 2F 1-2: Ball 2-2: Ball 3-2: SINGLE (Groundball, 5D, EV 100.0 MPH)
|
Batting: RHB Dave McBain
|
0-0: Ball 1-0: Ball 2-0: Grounds into double play, 4-6-3 (Groundball, 4, EV 102.5 MPH)
|
Batting: RHB Freddie Brown
|
0-0: Ball 1-0: Called Strike 1-1: Foul Ball, location: 2F 1-2: Ball 2-2: Foul Ball, location: 2F 2-2: Ball 3-2: Base on Balls
|
Pitching: RHP Matt Alexander
|
|
Batting: RHB Mike Maserang
|
0-0: Ball 1-0: Called Strike 1-1: Swinging Strike 1-2: 2-RUN HOME RUN (Flyball, 9D, EV 98.8 MPH), Distance : 372 ft
|
Batting: LHB Matt Patnaude
|
0-0: Ball 1-0: Ball 2-0: Ball 3-0: Base on Balls
|
Batting: RHB John Freeman
|
0-0: Called Strike 0-1: Foul Ball, location: 2F 0-2: Strikes out looking
|
Bottom of the 3rd over - 2 runs, 2 hits, 0 errors, 1 left on base; Jacksonville 0 - San Antonio 2 |
TOP OF THE 4TH |
Jacksonville Suns batting - Pitching for San Antonio Missions : LHP Luis Sanchez
|
Batting: RHB Akira Suzuki
|
0-0: Ball 1-0: Ball 2-0: Ball 3-0: Called Strike 3-1: Foul Ball, location: 2F 3-2: Strikes out swinging
|
Batting: RHB Boof Howell
|
0-0: Ball 1-0: Called Strike 1-1: Fly out, F8 (Flyball, 8LM, EV 85.0 MPH)
|
Batting: RHB Miguel Velasco
|
0-0: Called Strike 0-1: Called Strike 0-2: Strikes out swinging
|
Top of the 4th over - 0 runs, 0 hits, 0 errors, 0 left on base; Jacksonville 0 - San Antonio 2 |
BOTTOM OF THE 4TH |
San Antonio Missions batting - Pitching for Jacksonville Suns : RHP Matt Alexander
|
Batting: RHB Cesar Ortega
|
0-0: Called Strike 0-1: Hit by Pitch
|
Batting: RHB Jaden Scott
|
0-0: Called Strike 0-1: Ball 1-1: Ball Cesar Ortega steals 2nd base 2-1: Called Strike 2-2: Strikes out swinging
|
Batting: LHB Josh Slusarczyk
|
0-0: Ground out 4-3 (Groundball, 4S, EV 73.8 MPH) Cesar Ortega to third
|
Batting: RHB Roberto Monzon
|
0-0: Ball 1-0: Called Strike 1-1: Ball 2-1: Foul Ball, location: 2F 2-2: Strikes out looking
|
Bottom of the 4th over - 0 runs, 0 hits, 0 errors, 1 left on base; Jacksonville 0 - San Antonio 2 |
TOP OF THE 5TH |
Jacksonville Suns batting - Pitching for San Antonio Missions : LHP Luis Sanchez
|
Batting: RHB Orlando Landa
|
0-0: Ball 1-0: Ball 2-0: Called Strike 2-1: Foul Ball, location: 2F 2-2: Fly out, F8 (Flyball, 8LS, EV 82.5 MPH)
|
Batting: RHB Tom Thompson
|
0-0: Ball 1-0: Ball 2-0: Ground out 5-3 (Groundball, 5L, EV 83.1 MPH)
|
Batting: LHB Dong-u Chang
|
0-0: Called Strike 0-1: Foul Ball, location: 2F 0-2: Ground out U3 (Groundball, 3, EV 103.1 MPH)
|
Top of the 5th over - 0 runs, 0 hits, 0 errors, 0 left on base; Jacksonville 0 - San Antonio 2 |
BOTTOM OF THE 5TH |
San Antonio Missions batting - Pitching for Jacksonville Suns : RHP Matt Alexander
|
Batting: RHB Dave McBain
|
0-0: Ball 1-0: Called Strike 1-1: Foul Ball, location: 2F 1-2: Fly out, F8 (Flyball, 8RD, EV 96.9 MPH)
|
Batting: RHB Freddie Brown
|
0-0: Ball 1-0: Fly out, F8 (Flyball, 8RM, EV 91.2 MPH)
|
Batting: RHB Mike Maserang
|
0-0: Foul Ball, location: 2F 0-1: Fly out, F8 (Flyball, 8RD, EV 103.8 MPH)
|
Bottom of the 5th over - 0 runs, 0 hits, 0 errors, 0 left on base; Jacksonville 0 - San Antonio 2 |
TOP OF THE 6TH |
Jacksonville Suns batting - Pitching for San Antonio Missions : LHP Luis Sanchez
|
Batting: RHB Len Graham
|
0-0: Ball 1-0: Called Strike 1-1: Ball 2-1: DOUBLE (Flyball, 89XD, EV 93.1 MPH)
|
Batting: LHB Orlando Rivera
|
0-0: Ball 1-0: Swinging Strike 1-1: Called Strike 1-2: Ball 2-2: Ball 3-2: Strikes out swinging
|
Batting: RHB Alberto Bravo
|
0-0: Called Strike 0-1: Ball 1-1: Called Strike 1-2: Ball 2-2: Strikes out swinging
|
Batting: RHB Akira Suzuki
|
0-0: Ball 1-0: Called Strike 1-1: Foul Ball, location: 2F 1-2: Foul Ball, location: 2F 1-2: Ball 2-2: Ground out 5-3 (Groundball, 56S, EV 76.9 MPH)
|
Top of the 6th over - 0 runs, 1 hit, 0 errors, 1 left on base; Jacksonville 0 - San Antonio 2 |
BOTTOM OF THE 6TH |
San Antonio Missions batting - Pitching for Jacksonville Suns : RHP Matt Alexander
|
Batting: LHB Matt Patnaude
|
0-0: SINGLE (Line Drive, 6M, EV 99.4 MPH)
|
Batting: RHB John Freeman
|
0-0: Ball 1-0: Ball 2-0: Called Strike 2-1: Ball 3-1: Base on Balls Matt Patnaude to second
|
Pitching: RHP Chris Forster
|
|
Batting: RHB Cesar Ortega
|
0-0: Ball 1-0: Ball 2-0: Ball 3-0: Base on Balls Matt Patnaude to third John Freeman to second
|
Batting: RHB Jaden Scott
|
0-0: Foul Ball, location: 2F 0-1: Ball 1-1: Grounds into fielders choice 1-2 (Groundball, 13S, EV 72.5 MPH) John Freeman to third Cesar Ortega to second
|
Batting: LHB Josh Slusarczyk
|
0-0: Called Strike 0-1: Swinging Strike 0-2: Strikes out swinging
|
Batting: RHB Roberto Monzon
|
0-0: Ball 1-0: Ball 2-0: Fielders Choice at 2nd, 6-4 (Groundball, 6, EV 82.5 MPH)
|
Bottom of the 6th over - 0 runs, 1 hit, 0 errors, 3 left on base; Jacksonville 0 - San Antonio 2 |
TOP OF THE 7TH |
Jacksonville Suns batting - Pitching for San Antonio Missions : LHP Luis Sanchez
|
Batting: RHB Boof Howell
|
0-0: Swinging Strike 0-1: Foul Ball, location: 2F 0-2: Ball 1-2: Ball 2-2: Ball 3-2: Ground out 1-3 (Groundball, P, EV 59.4 MPH)
|
Batting: RHB Miguel Velasco
|
0-0: Called Strike 0-1: Swinging Strike 0-2: Ball 1-2: SOLO HOME RUN (Flyball, 7LD, EV 90.0 MPH), Distance : 323 ft
|
Batting: RHB Orlando Landa
|
0-0: Called Strike 0-1: Ball 1-1: Foul Ball, location: 2F 1-2: Strikes out looking
|
Batting: RHB Tom Thompson
|
0-0: Ball 1-0: Ball 2-0: Called Strike 2-1: Ball 3-1: Called Strike 3-2: Base on Balls
|
Batting: LHB Dong-u Chang
|
0-0: SINGLE (Groundball, 34, EV 82.5 MPH) (infield hit) Tom Thompson to second
|
Batting: RHB Len Graham
|
0-0: Ball 1-0: Called Strike 1-1: Ball 2-1: Ball 3-1: Swinging Strike 3-2: Foul Ball, location: 2F 3-2: Foul Ball, location: 2F 3-2: Foul Ball, location: 2F 3-2: Base on Balls Tom Thompson to third Dong-u Chang to second
|
Pitching: RHP Colin Dorsey
|
|
Batting: LHB Orlando Rivera
|
0-0: Ground out 4-3 (Groundball, 4, EV 79.4 MPH)
|
Top of the 7th over - 1 run, 2 hits, 0 errors, 3 left on base; Jacksonville 1 - San Antonio 2 |
BOTTOM OF THE 7TH |
San Antonio Missions batting - Pitching for Jacksonville Suns : RHP Chris Forster
|
Pitching: RHP Campbell Wagenmakers
|
|
Batting: RHB Dave McBain
|
0-0: Ball 1-0: Ball 2-0: Called Strike 2-1: Ground out 6-3 (Groundball, 6, EV 98.1 MPH)
|
Batting: RHB Freddie Brown
|
0-0: Ball 1-0: Called Strike 1-1: SOLO HOME RUN (Flyball, 7D, EV 97.5 MPH), Distance : 354 ft
|
Batting: RHB Mike Maserang
|
0-0: DOUBLE (Line Drive, 7LS, EV 87.5 MPH)
|
Batting: LHB Matt Patnaude
|
0-0: Intentional Walk
|
Batting: RHB John Freeman
|
0-0: Called Strike 0-1: Ball 1-1: Foul Ball, location: 2F 1-2: Fly out, F8 (Flyball, 78M, EV 69.4 MPH)
|
Batting: RHB Cesar Ortega
|
0-0: Called Strike 0-1: Ball 1-1: Ball 2-1: Ground out 2-3 (Groundball, 15S, EV 69.4 MPH)
|
Bottom of the 7th over - 1 run, 2 hits, 0 errors, 2 left on base; Jacksonville 1 - San Antonio 3 |
TOP OF THE 8TH |
Jacksonville Suns batting - Pitching for San Antonio Missions : RHP Colin Dorsey
|
Batting: RHB Alberto Bravo
|
0-0: Ball 1-0: Ball 2-0: DOUBLE (Line Drive, 78D, EV 105.6 MPH)
|
Batting: RHB Akira Suzuki
|
0-0: Ball 1-0: Swinging Strike 1-1: Foul Ball, location: 2F 1-2: Foul Ball, location: 2F 1-2: Fly out, F9 (Flyball, 9S, EV 83.8 MPH)
|
Batting: RHB Boof Howell
|
0-0: Ball 1-0: Swinging Strike 1-1: Ball 2-1: Foul Ball, location: 2F 2-2: Strikes out swinging
|
Batting: RHB Miguel Velasco
|
0-0: Foul Ball, location: 2F 0-1: Called Strike 0-2: Strikes out swinging
|
Top of the 8th over - 0 runs, 1 hit, 0 errors, 1 left on base; Jacksonville 1 - San Antonio 3 |
BOTTOM OF THE 8TH |
San Antonio Missions batting - Pitching for Jacksonville Suns : RHP Campbell Wagenmakers
|
Pitching: RHP Earl Shepherd
|
|
Batting: RHB Jaden Scott
|
0-0: Ball 1-0: Ball 2-0: Ground out 5-3 (Groundball, 5L, EV 80.0 MPH)
|
Batting: LHB Josh Slusarczyk
|
0-0: Ball 1-0: Foul Ball, location: 2F 1-1: Called Strike 1-2: Strikes out swinging
|
Batting: RHB Roberto Monzon
|
0-0: Called Strike 0-1: Ball 1-1: Ball 2-1: SINGLE (Groundball, 4, EV 98.1 MPH)
|
Batting: RHB Dave McBain
|
0-0: Called Strike 0-1: Ball 1-1: 2-RUN HOME RUN (Flyball, 7LD, EV 97.5 MPH), Distance : 352 ft
|
Batting: RHB Freddie Brown
|
0-0: Called Strike 0-1: Foul Ball, location: 2F 0-2: Strikes out swinging
|
Bottom of the 8th over - 2 runs, 2 hits, 0 errors, 0 left on base; Jacksonville 1 - San Antonio 5 |
TOP OF THE 9TH |
Jacksonville Suns batting - Pitching for San Antonio Missions : RHP Colin Dorsey
|
Pitching: RHP Tony Delgado
|
|
Batting: RHB Orlando Landa
|
0-0: Ball 1-0: Ball 2-0: Called Strike 2-1: Called Strike 2-2: Ball 3-2: Foul Ball, location: 2F 3-2: Fly out, F3 (Popup, 23F, EV 91.2 MPH)
|
Batting: RHB Tom Thompson
|
0-0: Foul Ball, location: 2F 0-1: Ball 1-1: Foul Ball, location: 2F 1-2: Strikes out swinging
|
Batting: LHB Dong-u Chang
|
0-0: Called Strike 0-1: Ball 1-1: Fly out, F6 (Popup, 6S, EV 74.4 MPH)
|
Top of the 9th over - 0 runs, 0 hits, 0 errors, 0 left on base; Jacksonville 1 - San Antonio 5 |
|